 Dungeon Crawl Stone Soup version 0.32-a0-643-ga006e77 (webtiles) character file.

Game seed: 17743117621962281109

20790 DoomDiver the Geomancer (level 12, -7/77 HPs)
             Began as a Gargoyle Earth Elementalist on Mar 7, 2024.
             Was a Priest of Sif Muna.
             Mangled by a very large slime creature (22 damage)
             ... on level 12 of the Dungeon.
             The game lasted 00:22:13 (16218 turns).

DoomDiver the Geomancer (GrEE)                     Turns: 16218, Time: 00:22:14

Health: -7/77      AC: 13    Str: 12    XL:     12   Next: 83%
Magic:  19/26      EV: 11    Int: 27    God:    Sif Muna [***...]
Gold:   621        SH:  0    Dex: 10    Spells: 11/31 levels left

rFire   . . .        a - +1 demon whip (venom)
rCold   . . .        G - orb {*channel}
rNeg    + . .        H - +1 robe {Will+}
rPois   ∞            m - +0 helmet
rElec   +            D - +0 cloak
rCorr   .            (no gloves)
SInv    .            (no boots)
Will    +....        F - amulet of the acrobat
Stlth   ++           t - +6 ring of intelligence
HPRegen 0.32/turn    (no ring)
MPRegen 0.20/turn

%: acrobat, channel magic (20%)
@: no status effects
A: sickness immunity, AC +8, negative energy resistance 1, electricity
resistance, torment resistance 1, petrification resistance
a: Renounce Religion, Channel Magic, Forget Spell


You were on level 12 of the Dungeon.
You worshipped Sif Muna.
Sif Muna was most pleased with you.
You visited 2 branches of the dungeon, and saw 13 of its levels.
You also visited: Sewer.

You collected 765 gold pieces.
You spent 144 gold pieces at shops.

Inventory:

Hand Weapons
 a - a +1 demon whip of venom (weapon)
Missiles
 g - 2 throwing nets
 J - a curare-tipped dart
Armour
 m - a +0 helmet (worn)
 D - a +0 cloak (worn)
 G - an orb of energy (worn)
 H - a +1 robe of willpower (worn)
Jewellery
 n - a ring of positive energy
 t - a +6 ring of intelligence (left hand)
 B - an amulet of reflection
 F - an amulet of the acrobat (around neck)
 K - a ring of wizardry
 L - an amulet of guardian spirit
Wands
 c - a wand of mindburst (10)
 f - a wand of light (5)
 r - a wand of warping (4)
 x - a wand of digging (9)
 C - a wand of flame (20)
Scrolls
 d - 5 scrolls of identify
 e - 6 scrolls of fear
 h - a scroll of fog
 i - 4 scrolls of enchant weapon
 k - 5 scrolls of vulnerability
 l - 2 scrolls of teleportation
 p - 2 scrolls of revelation
 u - 3 scrolls of poison
 w - 3 scrolls of enchant armour
 y - 3 scrolls of amnesia
Potions
 b - 3 potions of magic
 j - 3 potions of might
 o - 2 potions of resistance
 q - 4 potions of haste
 s - 3 potions of attraction
 v - 5 potions of curing
 z - 2 potions of lignification
 A - a potion of invisibility
 E - 2 potions of brilliance
 I - a potion of heal wounds


   Skills:
 + Level 9.8 Fighting
 - Level 1.5 Dodging
 - Level 2.1 Stealth
 - Level 6.0 Shields
 - Level 10.0 Spellcasting
 - Level 10.0 Conjurations
 - Level 10.0 Earth Magic
 - Level 10.0 Invocations


You had 11 spell levels left.
You knew the following spells:

 Your Spells              Type           Power      Damage    Failure   Level
a - Sandblast             Erth           100%       2d20      1%          1
b - Passwall              Erth           61%        N/A       2%          3
c - Stone Arrow           Conj/Erth      100%       3d13      2%          3
e - Starburst             Conj/Fire      20%        6d7       82%         6
f - Orb of Destruction    Conj           30%        9d10      73%         7

Your spell library contained the following spells:

 Spells                   Type           Power      Damage    Failure   Level
 Kiss of Death            Conj/Necr      100%       2d13      3%          1
 Shock                    Conj/Air       100%       1d9       3%          1
 Sting                    Conj/Alch      100%       1d9       3%          1
 Momentum Strike          Conj/Tloc      80%        3d10      4%          2
 Static Discharge         Conj/Air       80%        3-7/arc   4%          2
 Brom's Barrelling Bould  Conj/Erth      61%        2d8       4%          4
 Dazzling Flash           Conj/Hex       80%        N/A       7%          3
 Iskenderun's Battlesphe  Conj           61%        2d11      8%          5
 Mephitic Cloud           Conj/Alch/Air  31%        N/A       11%         3
 Apportation              Tloc           26%        N/A       13%         1
 Petrify                  Alch/Erth      40%        N/A       16%         4
 Jinxbite                 Hex            26%        N/A       17%         2
 Mercury Vapours          Alch/Air       26%        N/A       17%         2
 Call Canine Familiar     Summ           13%        N/A       30%         3
 Gell's Gravitas          Tloc           13%        N/A       30%         3
 Sigil of Binding         Hex            13%        N/A       30%         3
 Swiftness                Air            13%        N/A       30%         3
 Teleport Other           Tloc           13%        N/A       30%         3
 Volatile Blastmotes      Fire/Tloc      26%        2d12      30%         3
 Arcjolt                  Conj/Air       20%        1d30      34%         5
 Freezing Cloud           Conj/Ice/Air   15%        6-21      52%         5
 Airstrike                Air            6%         2d(1-17)  61%         4
 Dimensional Bullseye     Hex/Tloc       6%         N/A       61%         4
 Olgreb's Toxic Radiance  Alch           13%        N/A       61%         4
 Alistair's Intoxication  Alch           8%         N/A       89%         5
 Dispersal                Tloc           6%         N/A       100%        6
 Spellforged Servitor     Conj/Summ      20%        N/A       100%        7
 Maxwell's Capacitive Co  Air            6%         ∞         100%        8


Dungeon Overview and Level Annotations

Branches:
Dungeon (12/15) Zot: 23606  Temple (1/1) D:7 Zot: 5861    Lair (0/5) D:10
    Orc (0/2) D:12          Sewer (visited)

Altars:
Ashenzari
Cheibriados
Dithmenos
Elyvilon
Fedhas
Gozag
Hepliaklqana
Kikubaaqudgha
Makhleb
Nemelex Xobeh
Okawaru
Qazlal
Ru
Sif Muna
Trog
Uskayaw
Vehumet
Wu Jian
Xom
Yredelemnul
Zin
The Shining One
Beogh
Jiyva

Shops:
D:4 *   D:8 *   D:9 =   D:12 *

Annotations:
D:7 5 runed translucent doors
D:9 exclusion: oklob plant
D:11 3 runed translucent doors, tlatlagkaus's ghost, novice DgIE


Innate Abilities, Weirdness & Mutations

You are immune to sickness and miasma.
Your stone body is resilient. (AC +8)
You are immune to poison.
You resist negative energy. (rN+)
You are resistant to electric shocks. (rElec)
You are resistant to unholy torment.
You are immune to petrification.


Message History

The stone arrow hits the large slime creature!!
The large slime creature is severely wounded.
Two slime creatures merge to form a very large slime creature.
You lose 3MP, and have [21/26] MP
Casting: Stone Arrow (mildly dangerous; 2% risk of failure)
Confirm with . or Enter, or press ? or * to list all spells.
Aiming: Stone Arrow (mildly dangerous; 2% risk of failure)
Press: ? - help, Shift-Dir - straight line, f/p - very large slime creature
Aim: a very large slime creature (heavily wounded, 95% to hit)
Okay, then.
Throw: 3 throwing nets
Press: ? - help, Q - select action, (/) - cycle Shift-Dir - straight line, f/p - very large slime creature
Aim: a very large slime creature (heavily wounded, 81% to hit, immune to nets)
You throw a throwing net.
The throwing net hits the very large slime creature.
The very large slime creature effortlessly oozes through the net!
The very large slime creature is heavily wounded.
The very large slime creature hits you but does no damage.
Aiming: Bolt of Light
Press: ? - help, Q - select action, (/) - cycle Shift-Dir - straight line, f/p - very large slime creature
Aim: a very large slime creature (heavily wounded, 94% to hit)
The bolt of light hits the very large slime creature!
The very large slime creature is severely wounded.
The very large slime creature hits you!!
* * * LOW HITPOINT WARNING * * *
Your magical contamination has completely faded away.
You take 32 HP, and have [15/77] HP !!!!!
HP Warning !!!!!
Okay, then.
Okay, then.
Unknown command.
Casting: Sandblast (safe; 1% risk of failure)
Confirm with . or Enter, or press ? or * to list all spells.
Aiming: Stone Arrow (mildly dangerous; 2% risk of failure)
Press: ? - help, Shift-Dir - straight line, f/p - very large slime creature
Aim: a very large slime creature (severely wounded, 95% to hit)
The stone arrow hits the very large slime creature!
The very large slime creature is severely wounded.
The very large slime creature hits you!!
You die...

##.........#
#......#
#.........#
##'#####
#.........# #...##
####'###### ###..#
#... ##.# ###.
###.### # #.....#
###.########.....#
.......#..J@.....#
.........###.....#
.....#.∩.# #.....#
... .......#.....#
. ....####.......#
##### ##.....#
#######


You could see a very large slime creature.

Vanquished Creatures
  Erica (D:9)
  2 two-headed ogres
  A boulder beetle (D:12)
  A cyclops (D:11)
  Maurice (D:9)
  A manticore (D:11)
  7 centaur zombies (D:11)
  Joseph (D:8)
  2 unseen horrors
  A komodo dragon (D:10)
  Jeremiah (D:9)
  Prince Ribbit (D:5)
  3 trolls
  A hornet (D:8)
  11 slime creatures
  8 wraiths
  4 wyverns
  4 shadows
  5 vampires
  A basilisk (D:10)
  10 yaks
  Menkaure (D:6)
  A steam dragon (D:8)
  Edmund (D:6)
  An acid dragon (D:9)
  6 water moccasins
  3 ice beasts
  4 orc warriors
  2 black bears (D:10)
  A sky beast (D:8)
  7 centaurs
  2 ogres
  A wolf (D:10)
  A kobold brigand (D:11)
  2 scorpions (D:9)
  4 bullfrogs
  9 wights (D:9)
  An oklob sapling (D:9)
  14 killer bees
  7 howler monkeys
  2 bombardier beetles
  5 crimson imps (D:6)
  5 hounds
  2 jellies
  6 orc priests
  2 boggart zombies (D:11)
  4 orc wizards
  2 sleepcaps
  4 iguanas
  Natasha (D:2)
  19 adders
  13 gnolls
  11 river rats
  2 shadow imps
  4 white imps
  2 ufetubi (D:5)
  A dart slug (D:4)
  29 orcs
  21 ball pythons
  12 endoplasms
  6 giant cockroaches
  6 goblins
  4 hobgoblins
  7 jackals
  2 quokkas
  8 bats
  6 frilled lizards
  8 kobolds
  22 rats
351 creatures vanquished.

Vanquished Creatures (others)
  An orc wizard (D:6)
1 creature vanquished.

Grand Total: 352 creatures vanquished

Notes
Turn   | Place    | Note
-------+----------+-------------------------------------------
     0 | D:1      | DoomDiver the Gargoyle Earth Elementalist began the quest
                  | for the Orb.
     0 | D:1      | Reached XP level 1. HP: 10/10 MP: 3/3
   286 | D:1      | Reached XP level 2. HP: 15/15 MP: 3/5
  1179 | D:1      | You fall into a shaft and drop 1 floor!
  1192 | D:2      | Reached XP level 3. HP: 19/19 MP: 4/6
  1322 | D:2      | Reached skill level 5 in Earth Magic
  1322 | D:2      | Reached XP level 4. HP: 24/24 MP: 4/7
  1787 | D:2      | Noticed an ogre
  1793 | D:2      | Killed an ogre
  1794 | D:2      | Reached XP level 5. HP: 28/28 MP: 3/9
  2106 | D:2      | Noticed Natasha
  2109 | D:2      | Killed Natasha
  2350 | D:3      | Reached XP level 6. HP: 32/32 MP: 8/10
  2754 | D:3      | Found a faded altar of an unknown god.
  3140 | D:4      | Found a white marble altar of Elyvilon.
  3552 | D:4      | Found a bloodstained altar of Trog.
  3750 | D:4      | Reached skill level 1 in Shields
  3750 | D:4      | Reached XP level 7. HP: 36/36 MP: 10/12
  3847 | D:4      | Found Rosto's General Store.
  3853 | D:4      | Bought a scroll of identify for 24 gold pieces
  3853 | D:4      | Bought 2 potions of lignification for 72 gold pieces
  3853 | D:4      | Bought a scroll of poison for 48 gold pieces
  3883 | D:5      | Entered Level 5 of the Dungeon
  3901 | D:5      | Noticed Prince Ribbit
  3908 | D:5      | Killed Prince Ribbit
  3982 | D:5      | Found a glowing drain.
  3992 | Sewer    | Entered a sewer
  4604 | Sewer    | Reached XP level 8. HP: 41/41 MP: 11/14
  5048 | D:5      | Reached skill level 5 in Conjurations
  5870 | D:6      | Reached XP level 9. HP: 44/45 MP: 11/16
  5946 | D:6      | Reached skill level 5 in Spellcasting
  5967 | D:6      | Learned a level 3 spell: Passwall
  5971 | D:6      | Learned a level 3 spell: Stone Arrow
  6304 | D:6      | Noticed Edmund
  6306 | D:6      | Reached skill level 10 in Earth Magic
  6308 | D:6      | Killed Edmund
  6382 | D:6      | Reached skill level 5 in Shields
  6570 | D:6      | Noticed Menkaure
  6575 | D:6      | Killed Menkaure
  7362 | D:7      | Reached XP level 10. HP: 50/50 MP: 14/20
  7392 | D:7      | Found the +9 staff of Olgreb {rPois∞}
  7397 | D:7      | Found a runed translucent door.
  7470 | D:7      | Found a staircase to the Ecumenical Temple.
  7485 | Temple   | Entered the Ecumenical Temple
  7554 | Temple   | Became a worshipper of Sif Muna the Loreminder
  7792 | D:7      | Reached skill level 1 in Invocations
  7904 | D:7      | Found a runed translucent gate.
  7904 | D:7      | Found a runed translucent gate.
  7913 | D:7      | Found a runed translucent gate.
  7923 | D:7      | Found a runed translucent door.
  7955 | D:7      | Found a stormy altar of Qazlal.
  7988 | D:7      | Found a basalt altar of Yredelemnul.
  8502 | D:8      | Reached * piety under Sif Muna
  8744 | D:8      | Got the Disquisition on Arcane Weapons
  8759 | D:8      | Learned a level 7 spell: Orb of Destruction
  8766 | D:8      | Learned a level 6 spell: Starburst
  9018 | D:8      | Found Aojeen's Alliterative Armaments.
  9617 | D:9      | Noticed Erica
  9812 | D:9      | Noticed Jeremiah
  9846 | D:9      | Noticed Joseph
  9854 | D:8      | HP: 2/50 [Joseph/+0 quarterstaff (11)]
  9857 | D:8      | Killed Joseph
  9997 | D:9      | Killed Erica
  9998 | D:9      | Reached skill level 5 in Invocations
 10113 | D:9      | Killed Jeremiah
 10215 | D:9      | Found Asahadal's Jewellery Shop.
 10297 | D:9      | Reached XP level 11. HP: 50/54 MP: 20/23
 10376 | D:9      | Noticed an oklob plant
 10746 | D:9      | Reached skill level 10 in Conjurations
 10751 | D:9      | Noticed Maurice
 11020 | D:9      | Killed Maurice
 11146 | D:9      | Reached ** piety under Sif Muna
 11545 | D:10     | Entered Level 10 of the Dungeon
 11778 | D:10     | Found a staircase to the Lair.
 12083 | D:10     | Reached skill level 1 in Fighting
 12282 | D:10     | Found a broken altar of Ashenzari.
 12415 | D:10     | Noticed a two-headed ogre
 12422 | D:10     | Killed a two-headed ogre
 12854 | D:10     | You fall into a shaft and drop 2 floors!
 12921 | D:11     | Noticed a two-headed ogre
 12925 | D:11     | Killed a two-headed ogre
 13045 | D:11     | Reached XP level 12. HP: 30/67 MP: 8/25
 13195 | D:11     | Reached skill level 10 in Spellcasting
 13324 | D:11     | Reached skill level 5 in Fighting
 14000 | D:11     | Found a runed translucent gate.
 14000 | D:11     | Found a runed translucent gate.
 14000 | D:11     | Found a runed translucent gate.
 14001 | D:11     | Found a viscous altar of Jiyva.
 14001 | D:11     | Noticed tlatlagkaus's ghost (novice DgIE)
 14081 | D:11     | Reached *** piety under Sif Muna
 14631 | D:11     | Reached skill level 10 in Invocations
 15663 | D:12     | Found a staircase to the Orcish Mines.
 15678 | D:12     | Found a roughly hewn altar of Beogh.
 15830 | D:12     | Got the Anthology of Arcane Combat
 15901 | D:12     | Noticed a boulder beetle
 15910 | D:12     | Killed a boulder beetle
 16201 | D:12     | Found Mifre's Assorted Antiques.
 16218 | D:12     | Mangled by a very large slime creature

Illustrated notes

Levels and vault maps discovered:
D:1:      dpeg_arrival_leaves_temple_mockup, layout_basic
D:2:      layout_basic, uniq_natasha
D:3:      layout_basic, shapermc_ecumenical_altar_mp_highgroup
D:4:      layout_loops_ring, mainiacjoe_overflow_six_doors_small,
          old_standard_altar, serial_shops, shop
D:5:      layout_loops_corners, gup_sewer_entry_bubbles, uniq_prince_ribbit1
D:6:      layout_loops_corners, amcnicky_mini_corridor_feature,
          minmay_nine_imps, uniq_menkaure, uniq_edmund
D:7:      layout_loops_cross, overflow_temple_1_default, grunt_qazlal_clouds,
          minmay_temple_entry_nine_rooms, minmay_guarded_unrand_staff_of_olgreb
D:8:      wander_river, layout_layer_cave, monkooky_shop_alliterative
D:9:      layout_irregular_city, minmay_shop_enchanted_jewellery,
          introduction_to_nature_1, uniq_joseph, uniq_erica, uniq_maurice,
          uniq_jeremiah
D:10:     layout_long_grid, mainiacjoe_overflow_tiny_flanked,
          minmay_lair_entry_grove
D:11:     layout_roguey, serial_undead, serial_undead_d, serial_undead_d,
          serial_undead_d, serial_undead_c, gammafunk_ghost_ooze
D:12:     layout_roguey, minmay_orc_entry_temple_large, serial_shops,
          nicolae_shop_stone
Temple:   minmay_temple_bridge_d

Skill      XL: |  1  2  3  4  5  6  7  8  9 10 11 12 |
---------------+-------------------------------------+-----
Earth Magic    | 4 5 6 7 8 9 10 | 10.0
Conjurations   | 2 3 4 5 7 9 10 | 10.0
Spellcasting   | 3 4 6 8 9 10 | 10.0
Shields        | 1 2 4 6 |  6.0
Invocations    | 5 8 10 | 10.0
Fighting       | 4 9 |  9.8
Dodging        | |  1.5
Stealth        | |  2.1

Action                     |  1- 3 |  4- 6 |  7- 9 | 10-12 || total
---------------------------+-------+-------+-------+-------++-------
  Melee: Unarmed           |    12 |     2 |       |       ||    14
         Demon whip        |       |     2 |    24 |     8 ||    34
  Throw: Throwing net      |       |       |     2 |     4 ||     6
   Cast: Sandblast         |    40 |    78 |   185 |   235 ||   538
         Stone Arrow       |       |       |    12 |   179 ||   191
 Invoke: Channel Magic     |       |       |       |     1 ||     1
  Evoke: Wand              |       |       |     2 |     1 ||     3
    Use: Scroll            |       |     4 |       |    17 ||    21
         Potion            |       |       |     1 |     4 ||     5
 Armour: Robe              |    14 |    32 |   157 |   334 ||   537
  Dodge: Dodged            |    19 |    26 |   136 |   204 ||   385
  Block: Buckler           |       |       |    62 |    24 ||    86
         Reflection        |       |       |       |     3 ||     3

Table legend: (Time is in decaauts)
 A = Elapsed time spent in this place.
 B = Non-inter-level travel time spent in this place.
 C = Inter-level travel time spent in this place.
 D = Time resting spent in this place.
 E = Time spent auto-exploring this place.
 F = Levels seen in this place.
 G = Mean time per level.
                   A        B        C        D        E       F      G
               +--------+--------+--------+--------+--------+-----+--------+
         Total |  16666 |  16098 |    568 |    424 |  13247 |  14 | 1190.4 |
       Dungeon |  15758 |  15326 |    432 |    310 |  12805 |  12 | 1313.2 |
        Temple |    138 |      2 |    136 |      0 |      0 |   1 |  138.0 |
         Sewer |    769 |    769 |      0 |    114 |    441 |   1 |  769.0 |
               +--------+--------+--------+--------+--------+-----+--------+

Top non-repeatable levels by time:
    D:11: 1827 daAuts
     D:9: 1795 daAuts
     D:8: 1783 daAuts
    D:10: 1533 daAuts
     D:5: 1528 daAuts
     D:6: 1345 daAuts
     D:1: 1240 daAuts
    D:12: 1230 daAuts
     D:2: 1143 daAuts
     D:4: 856 daAuts
     D:7: 771 daAuts
   Sewer: 769 daAuts
     D:3: 700 daAuts
  Temple: 138 daAuts
